 Dungeon Crawl Stone Soup version 0.31-a0-1540-g5a0b83f448 (webtiles) character file.

Game seed: 9154183746357134100

3 MisterAzrael the Trooper (level 1, 18/18 HPs)
             Began as a Hill Orc Fighter on Jan 2, 2024.
             Was a Follower of Hepliaklqana.
             Quit the game on level 1 of the Dungeon.
             The game lasted 00:00:20 (136 turns).

MisterAzrael the Trooper (Hill Orc Fighter)          Turns: 136, Time: 00:00:21

Health: 18/18      AC:  6    Str: 18    XL:     1   Next: 50%
Magic:  1/1        EV:  9    Int:  8    God:    Hepliaklqana [*.....]
Gold:   54         SH:  4    Dex: 10    Spells: 0/0 levels left

rFire   . . .        a - +0 war axe
rCold   . . .        c - +0 buckler
rNeg    . . .        b - +0 scale mail
rPois   .            (no helmet)
rElec   .            (no cloak)
rCorr   .            (no gloves)
SInv    .            (no boots)
Will    .....        (no amulet) Stlth
                     (no ring)
HPRegen 0.23/turn    (no ring)
MPRegen 0.07/turn

%: no passive effects
@: no status effects
A: reduced essence
a: Renounce Religion, Recall Ancestor, Ancestor Identity


You were on level 1 of the Dungeon.
You worshipped Hepliaklqana.
Hepliaklqana was aware of your devotion.
You visited 1 branch of the dungeon, and saw 1 of its levels.

You collected 54 gold pieces.

Inventory:

Hand Weapons
 a - a +0 war axe (weapon)
Armour
 b - a +0 scale mail (worn)
 c - a +0 buckler (worn)
Scrolls
 e - a scroll of identify {unknown}
 f - a scroll of torment {unknown}
 g - a scroll of vulnerability {unknown}
 h - 2 scrolls of blinking {unknown}
Potions
 d - a potion of might
 i - a potion of mutation {unknown}
 j - a potion of ambrosia {unknown}


   Skills:
 + Level 3.7 Fighting
 + Level 2.8 Axes
 + Level 3.3 Armour
 + Level 3.3 Shields


You couldn't memorise any spells.
You didn't know any spells.
Your spell library was empty.

Dungeon Overview and Level Annotations

Branches:
Dungeon (1/15)

Altars:
Hepliaklqana


Message History

No target in view!
You now have 11 gold pieces.
You see here a +0 leather armour.
You now have 22 gold pieces (gained 11).
Found a ring mail.
A ball python comes into view.
Found a scroll labelled LUESMA OCIALEQ.
A ball python is nearby!
A ball python is nearby!
A ball python is nearby!
You see here 19 gold pieces.
Found a faded altar of an unknown god.
Found a stone staircase leading down.
You hit the ball python.
You kill the ball python!
No target in view!
No target in view!
No target in view!
No target in view!
You now have 41 gold pieces (gained 19).
You see here a ball python corpse.
i - an amethyst potion
Found 10 gold pieces.
Found a puce potion.
h - 2 scrolls labelled LUESMA OCIALEQ (gained 1)
There is a faded altar of an unknown god here.
This altar belongs to (a) Sif Muna, (b) Elyvilon or (c) Hepliaklqana, but you can't tell which.
Press the corresponding letter to learn more about a god, or press enter to convert or escape to cancel.
Hepliaklqana accepts your prayer! Hepliaklqana welcomes you!
Hepliaklqana forms a fragment of your life essence into the memory of your ancestor, Ilshubani!
You can now recall your ancestor.
You can now remember your ancestor's identity.
You now have 54 gold pieces (gained 13).
j - a puce potion You swap places.
A quokka comes into view.
A quokka is nearby!
A quokka is nearby!
You closely miss the quokka. The quokka barely misses you.
The quokka closely misses you.
Are you sure you want to abandon this character and quit the game? (Confirm with "yes".)

##.....##
##.......##
#.........#
#.........#
#.........#
#.........#
#.........#
##.......#########
#....._...@r..$...
#.........R.....##
#.........#..##...
#.........##..# #
#........># ...#
##......[## .....
##....†## .....
####..# ..... #..#


You could see the friendly Ilshubani the ancestor and a quokka (ally target).

Vanquished Creatures
  2 goblins (D:1)
  A ball python (D:1)
3 creatures vanquished.

Notes
Turn   | Place    | Note
-------+----------+-------------------------------------------
     0 | D:1      | MisterAzrael the Hill Orc Fighter began the quest for the
                  | Orb.
     0 | D:1      | Reached XP level 1. HP: 19/19 MP: 1/1
   104 | D:1      | Found a faded altar of an unknown god.
   119 | D:1      | Prayed at the altar of an unknown god.
   119 | D:1      | Became a worshipper of Hepliaklqana the Forgotten
   119 | D:1      | Reached * piety under Hepliaklqana
   136 | D:1      | Quit the game

Illustrated notes

Levels and vault maps discovered:
D:1:      nicolae_arrival_memento_mori, layout_rooms, basic_ecumenical_altar

Action                     || total
---------------------------++-------
  Melee: War axe           ||    10
 Armour: Scale mail        ||     4
  Dodge: Dodged            ||     6
  Block: Buckler           ||     1

Table legend: (Time is in decaauts)
 A = Elapsed time spent in this place.
 B = Non-inter-level travel time spent in this place.
 C = Inter-level travel time spent in this place.
 D = Time resting spent in this place.
 E = Time spent auto-exploring this place.
 F = Levels seen in this place.
 G = Mean time per level.
                   A        B        C        D        E       F      G
               +--------+--------+--------+--------+--------+-----+--------+
         Total |    140 |    140 |      0 |      0 |     96 |   1 |  140.0 |
       Dungeon |    140 |    140 |      0 |      0 |     96 |   1 |  140.0 |
               +--------+--------+--------+--------+--------+-----+--------+

Top non-repeatable levels by time:
     D:1: 140 daAuts
